AoeStats
← 白鹿城拉车车

Nomad

508622840Analyzed
4v4 RM · 8d ago on Sep 23, 2026· 43m 1s· 8 players
Game mode
Random Map
Map size
231×231
Population
200
Speed
Normal
Resources
Standard
Victory
Conquest
Starting age
Dark Age
Ending age
Imperial Age
RankedLock teamsTeams togetherTeam positionsShared explorationLock speedFull tech treeHidden civsTurbo modeCheats
Victory
Defeat
🇨🇳 Varangians · China
1350
+5
🇭🇰 Varangians · Hong Kong SAR China
1080
+14
🇭🇰 Danes · Hong Kong SAR China
1079
+14
🇭🇰 Muisca · Hong Kong SAR China
1079
+14
🇮🇳 Danes · India
1082
-13
🇫🇮 Vikings · Finland
1068
-12
🇮🇳 Varangians · India
1061
-12
🇫🇷 Franks · France
1005
-10
Sythe
9:40 Loom
10:16 Loom
14:17 Feudal Age
18:24 Castle Age
19:20 Fletching
19:45 Forging
19:56 Fletching
21:10 Scale Mail Armor
TigerOfThanjai
6:54 Loom
7:26 Loom
14:04 Feudal Age
16:53 Double-Bit Axe
21:32 Castle Age
23:58 Arson
25:16 Forging
25:09 Squires
°||° FeeZåNøv [™]
5:22 Loom
15:35 Feudal Age
16:24 Double-Bit Axe
21:57 Castle Age
22:58 Wheelbarrow
23:05 Scale Barding Armor
23:11 Forging
23:16 Bow Saw
27:32 Chain Barding Armor
28:38 Iron Casting
28:14 Gold Mining
28:15 Stone Mining
30:17 Hand Cart
31:53 Husbandry
35:47 Imperial Age
34:43 Fletching
34:53 Padded Archer Armor
35:54 Cavalier
Lakupiippu
5:01 Loom
15:54 Feudal Age
24:36 Fletching
谷得超勁
4:59 Loom
14:22 Feudal Age
18:54 Castle Age
18:42 Fishing Lines
20:01 Stone Mining
24:35 Wheelbarrow
23:46 Horse Collar
26:44 Gambesons
27:15 Forging
27:06 Scale Mail Armor
27:11 Gillnets
34:02 Iron Casting
33:46 Chain Mail Armor
35:27 Hand Cart
35:48 Squires
39:14 Imperial Age
37:24 Heavy Plow
37:20 Gold Mining
39:27 Capped Ram
39:31 Elite Varangian Guard
39:57 Arson
41:17 Blast Furnace
40:48 Plate Mail Armor
40:21 Northmen's Fury
40:24 Hamask
41:42 Siege Ram
Majorian
13:54 Feudal Age
14:24 Loom
14:25 Town Watch
18:34 Wheelbarrow
18:51 Double-Bit Axe
20:02 Fletching
21:06 Gold Mining
23:25 Castle Age
23:13 Fishing Lines
24:17 Medium Warships
24:05 Bodkin Arrow
24:21 Bow Saw
34:01 Hand Cart
34:45 Gillnets
40:29 Imperial Age
40:28 Horse Collar
41:45 Stone Mining
42:26 Scale Barding Armor
42:32 Forging
43:26 Two-Man Saw
42:44 Elite Longship
白鹿城拉车车
5:42 Loom
13:46 Feudal Age
14:33 Fishing Lines
16:08 Double-Bit Axe
16:31 Scale Barding Armor
21:23 Castle Age
20:34 Forging
22:39 Gillnets
23:40 Wheelbarrow
25:31 Fletching
26:27 Iron Casting
26:13 Chain Barding Armor
26:37 Bow Saw
26:21 Stone Mining
26:21 Gold Mining
29:02 Vendel Legacy
33:21 Stone Shaft Mining
33:29 Hand Cart
33:41 Town Watch
37:55 Fletching
41:41 Imperial Age
43:11 Conscription
43:33 Plate Barding Armor
Humetsang
3:31 Loom
14:45 Feudal Age
18:59 Castle Age
16:59 Double-Bit Axe
17:20 Fishing Lines
24:10 Fletching
26:02 Bodkin Arrow
29:37 Gillnets
31:59 Horse Collar
32:11 Gold Mining
35:38 Imperial Age
33:54 Wheelbarrow
34:50 Padded Archer Armor
36:00 Gold Shaft Mining
35:36 Bow Saw
35:45 Hand Cart
35:51 Leather Archer Armor
35:52 Stone Mining
36:33 Ballistics
37:18 Chemistry
37:04 Bracer
37:04 Elite Guecha Warrior
38:45 Conscription
Connection lost

Rejoining the realm…

Still unreachable

The connection could not be restored.

Session expired

The server has moved on; the page needs a fresh start.